[Event "Turkish Cup 2024"]
[Site "Denizli"]
[Date "2024.08.06"]
[Round "11"]
[White "Avsar, Gediz"]
[Black "Tufan, Kerem"]
[Result "1-0"]
[ECO "B27"]
[WhiteElo "1880"]
[BlackElo "1783"]
[Annotator "NA RC"]
[PlyCount "77"]
[EventDate "2024.08.01"]
[EventType "swiss"]
[EventCountry "TUR"]
[SourceTitle "playchess.com"]
[Source "ChessBase"]
[SourceQuality "1"]
[TimeControl "5400+30"]

1. e4 c5 2. Nf3 g6 3. c3 d5 4. e5 Bg7 5. d4 cxd4 6. cxd4 Bg4 7. Bb5+ Nd7 8. Nbd2 a6 9. Bd3 e6 10. h3 Bxf3 11. Nxf3 Ne7 12. O-O Nc6 13. Be3 O-O 14. Qd2 f6 15. exf6 Qxf6 16. Rfe1 Rae8 17. Bf1 Nb6 18. Rac1 Rc8 19. Ne5 Nxe5 20. dxe5 Qd8 21. Qb4 Nd7 22. Qxb7 Rxc1 23. Rxc1 Nxe5 24. Qxa6 Qf6 25. Rc8 g5 26. Bc5 Rxc8 27. Qxc8+ Kf7 28. Bb5 Kg6 29. a4 g4 30. Qe8+ Nf7 31. hxg4 e5 32. Bd7 d4 33. Be6 h6 34. a5 e4 35. Bxd4 Qxd4 36. Qxf7+ Kh7 37. Bf5+ Kh8 38. Qe8+ Bf8 39. Qxf8# 1-0

[Event "Turkish Cup 2024"]
[Site "Denizli"]
[Date "2024.08.06"]
[Round "11"]
[White "Yasin, Hur"]
[Black "Madsman, Berk"]
[Result "1-0"]
[ECO "D02"]
[WhiteElo "1879"]
[BlackElo "1797"]
[Annotator "NA RC"]
[PlyCount "83"]
[EventDate "2024.08.01"]
[EventType "swiss"]
[EventCountry "TUR"]
[SourceTitle "playchess.com"]
[Source "ChessBase"]
[SourceQuality "1"]
[TimeControl "5400+30"]

1. d4 d5 2. Bf4 Nf6 3. Nf3 e6 4. e3 Bd6 5. Bg3 O-O 6. Ne5 c5 7. c3 Qc7 8. Bd3 Nbd7 9. f4 b6 10. Nd2 Bb7 11. Qf3 Ne8 12. Bh4 f6 13. Qh5 f5 14. Ndf3 Nef6 15. Bxf6 Nxf6 16. Qh3 Bxe5 17. fxe5 Ng4 18. Ng5 Rfe8 19. Qxh7+ Kf8 20. Qh8+ Ke7 21. Qxg7+ Kd8 22. Nf7+ Kc8 23. Nd6+ Kb8 24. Nxe8 Qxg7 25. Nxg7 Bc8 26. Ke2 Kc7 27. h3 Nh6 28. g4 fxg4 29. hxg4 Nxg4 30. Rag1 Nxe5 31. dxe5 c4 32. Bc2 Bd7 33. Rh7 Kc6 34. Rg6 Rg8 35. Nxe6 Rxg6 36. Nd4+ Kc7 37. Bxg6 Kd8 38. e6 Bxe6 39. Nxe6+ Kc8 40. Nd4 a5 41. Nc6 a4 42. Bf5# 1-0

[Event "Turkish Cup 2024"]
[Site "Denizli"]
[Date "2024.08.06"]
[Round "11"]
[White "Eroglu, Berke"]
[Black "Topal, Hasan Gokmen"]
[Result "1/2-1/2"]
[ECO "B25"]
[WhiteElo "1873"]
[BlackElo "1905"]
[Annotator "NA RC"]
[PlyCount "109"]
[EventDate "2024.08.01"]
[EventType "swiss"]
[EventCountry "TUR"]
[SourceTitle "playchess.com"]
[Source "ChessBase"]
[SourceQuality "1"]
[TimeControl "5400+30"]

1. e4 c5 2. Nc3 Nc6 3. g3 g6 4. Bg2 Bg7 5. d3 d6 6. Be3 Nf6 7. h3 Rb8 8. f4 O-O 9. Nf3 b5 10. O-O Nd7 11. Qc1 Nd4 12. Rf2 b4 13. Ne2 Nxe2+ 14. Rxe2 a5 15. g4 a4 16. Rb1 Ba6 17. b3 axb3 18. axb3 e6 19. f5 exf5 20. gxf5 Re8 21. fxg6 hxg6 22. Rf2 Ne5 23. Bg5 Qd7 24. Nxe5 Rxe5 25. Bf6 Bxf6 26. Rxf6 Qe7 27. Qf4 Bc8 28. Qh4 Kg7 29. Rbf1 Bf5 30. R1xf5 gxf5 31. Qh6+ Kg8 32. exf5 Re1+ 33. Kf2 Qe2+ 34. Kg3 Rg1 35. Qg5+ Kf8 36. Qh6+ Kg8 37. Qg5+ Kf8 38. Qh6+ Ke8 39. Re6+ fxe6 40. Qh8+ Kf7 41. Qh7+ Kf8 42. Qh8+ Kf7 43. Qh7+ Kf6 44. Qg6+ Ke7 45. Qg7+ Ke8 46. Qg8+ Ke7 47. Qg7+ Ke8 48. Qg8+ Kd7 49. Qf7+ Kd8 50. Qf8+ Kd7 51. Qf7+ Kd8 52. Qf8+ Kc7 53. Qe7+ Kc8 54. Qe8+ Kc7 55. Qe7+ 1/2-1/2

[Event "Turkish Cup 2024"]
[Site "Denizli"]
[Date "2024.08.06"]
[Round "11"]
[White "Degirmenci, Yagiz"]
[Black "Karapinar, Yalin"]
[Result "1/2-1/2"]
[ECO "A00"]
[WhiteElo "1871"]
[BlackElo "1785"]
[Annotator "NA RC"]
[PlyCount "62"]
[EventDate "2024.08.01"]
[EventType "swiss"]
[EventCountry "TUR"]
[SourceTitle "playchess.com"]
[Source "ChessBase"]
[SourceQuality "1"]
[TimeControl "5400+30"]

1. a3 Nf6 2. c4 g6 3. Nc3 d5 4. e3 Bg7 5. Nf3 c5 6. cxd5 Nxd5 7. Qa4+ Bd7 8. Qh4 Nxc3 9. dxc3 Nc6 10. e4 h6 11. Be2 e5 12. Qg3 Qe7 13. O-O O-O 14. b4 Rfd8 15. Be3 b6 16. h4 Be8 17. Bc4 Kh8 18. Bd5 Rac8 19. b5 Na5 20. c4 Nb3 21. Rab1 Nd4 22. Nxd4 cxd4 23. Bd2 f5 24. Bb4 Qc7 25. Qd3 Bf7 26. f4 Bxd5 27. cxd5 exf4 28. d6 Qd7 29. exf5 Qxf5 30. Qxf5 gxf5 31. Rxf4 Be5 1/2-1/2

[Event "Turkish Cup 2024"]
[Site "Denizli"]
[Date "2024.08.06"]
[Round "11"]
[White "Zuberoglu, Ibrahim Berk"]
[Black "Cevizci, Yusuf Baran"]
[Result "0-1"]
[ECO "B15"]
[WhiteElo "1870"]
[BlackElo "2102"]
[Annotator "NA RC"]
[PlyCount "108"]
[EventDate "2024.08.01"]
[EventType "swiss"]
[EventCountry "TUR"]
[SourceTitle "playchess.com"]
[Source "ChessBase"]
[SourceQuality "1"]
[TimeControl "5400+30"]

1. e4 c6 2. d4 d5 3. Nc3 dxe4 4. Nxe4 Nf6 5. Nxf6+ exf6 6. Be3 Be6 7. Bd3 Na6 8. a3 Bd6 9. Ne2 Nc7 10. c4 Qd7 11. Ng3 Kf8 12. Qc2 h5 13. Nf5 g6 14. Nxd6 Qxd6 15. d5 cxd5 16. cxd5 Qxd5 17. Be4 Qc4 18. Qxc4 Bxc4 19. O-O-O Be6 20. Bf4 Kg7 21. Kb1 Rac8 22. Bxb7 Rb8 23. Bc6 Rb6 24. Bd7 Nd5 25. Be3 Nxe3 26. fxe3 Rhb8 27. b4 a5 28. Bxe6 Rxe6 29. Kc2 Rxe3 30. bxa5 Ra8 31. Rd3 Re2+ 32. Rd2 Rc8+ 33. Kd3 Re5 34. Ra1 Rxa5 35. Rc2 Rd5+ 36. Ke4 Rxc2 37. Kxd5 Rxg2 38. a4 Rxh2 39. a5 Rd2+ 40. Kc6 Rd8 41. Kb7 h4 42. a6 g5 43. Rc1 Rd2 44. Ra1 Rd7+ 45. Kc6 Ra7 46. Kb6 Rxa6+ 47. Rxa6 h3 48. Ra2 g4 49. Rh2 f5 50. Kc5 f4 51. Kd4 g3 52. Rxh3 g2 53. Ke4 g1=Q 54. Kxf4 Qd4+ 0-1

[Event "Turkish Cup 2024"]
[Site "Denizli"]
[Date "2024.08.06"]
[Round "11"]
[White "Selvi, Kaan"]
[Black "Ilgaz, Yusuf Kerem"]
[Result "1-0"]
[ECO "B20"]
[WhiteElo "1863"]
[BlackElo "2006"]
[Annotator "NA RC"]
[PlyCount "57"]
[EventDate "2024.08.01"]
[EventType "swiss"]
[EventCountry "TUR"]
[SourceTitle "playchess.com"]
[Source "ChessBase"]
[SourceQuality "1"]
[TimeControl "5400+30"]

1. e4 c5 2. b3 g6 3. Bb2 Nf6 4. e5 Nd5 5. Nc3 Nxc3 6. Bxc3 Bg7 7. Nf3 Nc6 8. Bc4 O-O 9. O-O a6 10. a4 d5 11. exd6 e5 12. Qe2 Qxd6 13. Rae1 Nd4 14. Bxd4 exd4 15. Qe7 Qxe7 16. Rxe7 h6 17. a5 Rb8 18. Ne5 Bf6 19. Rxf7 Rxf7 20. Nxf7 Kg7 21. Nd6 Bd7 22. Re1 Bc6 23. Bd3 Bg5 24. Re6 Bd5 25. Rxg6+ Kh8 26. Be4 Bg8 27. d3 Bd2 28. Bxb7 Bf4 29. Be4 1-0

[Event "Turkish Cup 2024"]
[Site "Denizli"]
[Date "2024.08.06"]
[Round "11"]
[White "Sozat, Arda"]
[Black "Karaalioglu, Zeynel Mansur"]
[Result "1/2-1/2"]
[ECO "A36"]
[WhiteElo "1836"]
[BlackElo "1758"]
[Annotator "NA RC"]
[PlyCount "70"]
[EventDate "2024.08.01"]
[EventType "swiss"]
[EventCountry "TUR"]
[SourceTitle "playchess.com"]
[Source "ChessBase"]
[SourceQuality "1"]
[TimeControl "5400+30"]

1. c4 Nf6 2. Nc3 g6 3. e4 d6 4. g3 Bg7 5. Bg2 c5 6. Nge2 Nc6 7. d3 O-O 8. O-O e5 9. a3 Nd4 10. b4 b6 11. h3 Ne8 12. Nxd4 cxd4 13. Nd5 Nc7 14. f4 Nxd5 15. exd5 f5 16. fxe5 Bxe5 17. Bf4 Bb7 18. Qb3 Kg7 19. c5 bxc5 20. bxc5 Rf7 21. Bxe5+ dxe5 22. d6 Bxg2 23. Kxg2 Qg5 24. h4 Qd2+ 25. Rf2 Qe3 26. Qd5 Rd8 27. Qf3 Qxf3+ 28. Rxf3 Rc8 29. Rc1 Rd7 30. Rf2 Kf6 31. Rc4 h5 32. Rb2 Ke6 33. Rb5 Rc6 34. Rb8 Kd5 35. Rg8 e4 1/2-1/2

[Event "Turkish Cup 2024"]
[Site "Denizli"]
[Date "2024.08.06"]
[Round "11"]
[White "Sevig, Mert Can"]
[Black "Gungor, Cihan Akif"]
[Result "0-1"]
[ECO "C78"]
[WhiteElo "1818"]
[BlackElo "2024"]
[Annotator "NA RC"]
[PlyCount "78"]
[EventDate "2024.08.01"]
[EventType "swiss"]
[EventCountry "TUR"]
[SourceTitle "playchess.com"]
[Source "ChessBase"]
[SourceQuality "1"]
[TimeControl "5400+30"]

1. e4 e5 2. Nf3 Nc6 3. Bb5 a6 4. Ba4 Nf6 5. O-O b5 6. Bb3 Bc5 7. c3 d6 8. Re1 Bb6 9. d3 O-O 10. Nbd2 Ne7 11. Nf1 Ng6 12. Ng3 h6 13. h3 Re8 14. Nh2 c6 15. a4 Rb8 16. Be3 Bxe3 17. fxe3 b4 18. a5 Qc7 19. c4 Nd7 20. d4 exd4 21. exd4 c5 22. e5 cxd4 23. exd6 Rxe1+ 24. Qxe1 Qxd6 25. c5 Nxc5 26. Ne4 Nxe4 27. Qxe4 Bxh3 28. Rf1 Be6 29. Bxe6 Qxe6 30. Qxd4 Qe5 31. Qc4 Qe6 32. Qc7 Rc8 33. Qb7 Rc4 34. Qa8+ Kh7 35. Qb7 Nf4 36. b3 Ne2+ 37. Kf2 Rc2 38. Nf3 Nf4+ 39. Kg3 Rxg2+ 0-1

[Event "Turkish Cup 2024"]
[Site "Denizli"]
[Date "2024.08.06"]
[Round "11"]
[White "Seker, Cinar"]
[Black "Hatirli, Ugur Can"]
[Result "1-0"]
[ECO "B43"]
[WhiteElo "1815"]
[BlackElo "1948"]
[Annotator "NA RC"]
[PlyCount "75"]
[EventDate "2024.08.01"]
[EventType "swiss"]
[EventCountry "TUR"]
[SourceTitle "playchess.com"]
[Source "ChessBase"]
[SourceQuality "1"]
[TimeControl "5400+30"]

1. e4 c5 2. Nf3 e6 3. d4 cxd4 4. Nxd4 a6 5. Nc3 b5 6. Bd3 Bb7 7. O-O Qc7 8. Re1 Bc5 9. Bf1 b4 10. Na4 Bd6 11. g3 Nc6 12. Bg2 Rb8 13. Be3 Nge7 14. Nb3 Nc8 15. f4 f6 16. Qd2 Be7 17. Rad1 d6 18. Bh3 Nd8 19. Nd4 Bc6 20. b3 Bd7 21. Nb2 Kf7 22. Nc4 Re8 23. c3 bxc3 24. Qxc3 Kg8 25. Qd2 Kh8 26. Rc1 Qb7 27. Bf2 Bf8 28. Na5 Qa8 29. Rc7 Nb6 30. Nc2 Bc8 31. Qc3 Nd7 32. Ra7 Qxa7 33. Bxa7 Ra8 34. Bf2 Nf7 35. Qc6 Rb8 36. Qc7 d5 37. exd5 Bd6 38. Qc6 1-0

[Event "Turkish Cup 2024"]
[Site "Denizli"]
[Date "2024.08.06"]
[Round "11"]
[White "Mutlu, Burak Alp"]
[Black "Karaca, Yigit"]
[Result "1/2-1/2"]
[ECO "B22"]
[WhiteElo "1797"]
[BlackElo "1879"]
[Annotator "NA RC"]
[PlyCount "112"]
[EventDate "2024.08.01"]
[EventType "swiss"]
[EventCountry "TUR"]
[SourceTitle "playchess.com"]
[Source "ChessBase"]
[SourceQuality "1"]
[TimeControl "5400+30"]

1. e4 c5 2. Nf3 e6 3. c3 Nf6 4. e5 Nd5 5. Bc4 d6 6. d4 Nc6 7. O-O Be7 8. Qe2 cxd4 9. cxd4 O-O 10. Nc3 dxe5 11. dxe5 a6 12. Qe4 Ncb4 13. a3 Nxc3 14. bxc3 Nd5 15. Bd3 f5 16. exf6 Nxf6 17. Qe2 Qa5 18. c4 Bd6 19. Bd2 Qh5 20. Bb4 Bc5 21. Ne5 Qxe2 22. Bxe2 Bd4 23. Nf3 Bxa1 24. Bxf8 Kxf8 25. Rxa1 Bd7 26. Rb1 Rb8 27. Ne5 Ke7 28. c5 Rc8 29. Nxd7 Nxd7 30. Rxb7 Rxc5 31. Bxa6 Rc1+ 32. Bf1 Kd6 33. g3 Ra1 34. Ra7 g5 35. Kg2 h5 36. h3 Ne5 37. Be2 g4 38. hxg4 hxg4 39. Ra4 Ra2 40. Bxg4 Nxg4 41. Rxg4 Rxa3 42. f4 Ke7 43. Rg5 Kf6 44. Kh3 Kf7 45. Rb5 Kf6 46. Kh4 Ra8 47. g4 Ra1 48. g5+ Kg6 49. Re5 Ra6 50. Kg4 Kf7 51. f5 exf5+ 52. Rxf5+ Kg7 53. Kh5 Ra7 54. Rb5 Rc7 55. Rb6 Ra7 56. Rg6+ Kh7 1/2-1/2

[Event "Turkish Cup 2024"]
[Site "Denizli"]
[Date "2024.08.06"]
[Round "11"]
[White "Kiraz, Yigit"]
[Black "Tahaoglu, Erkin"]
[Result "1/2-1/2"]
[ECO "E11"]
[WhiteElo "1786"]
[BlackElo "1916"]
[Annotator "NA RC"]
[PlyCount "131"]
[EventDate "2024.08.01"]
[EventType "swiss"]
[EventCountry "TUR"]
[SourceTitle "playchess.com"]
[Source "ChessBase"]
[SourceQuality "1"]
[TimeControl "5400+30"]

1. d4 Nf6 2. Nf3 e6 3. c4 Bb4+ 4. Bd2 Qe7 5. e3 O-O 6. Bd3 Bxd2+ 7. Qxd2 d6 8. O-O e5 9. Bc2 e4 10. Ne1 c6 11. f3 Re8 12. fxe4 Nxe4 13. Bxe4 Qxe4 14. Rf3 Nd7 15. Nc3 Qe7 16. Nd3 Nf6 17. Raf1 Bg4 18. Rg3 Bh5 19. Nf4 Bg6 20. Qf2 Nh5 21. Nxg6 hxg6 22. Rh3 f5 23. Re1 Qf7 24. d5 Re5 25. Rd1 c5 26. Rf1 Qe7 27. Kh1 Re8 28. e4 fxe4 29. Re3 Rf5 30. Qe1 Nf6 31. h3 Qe5 32. g4 Rf4 33. Rxf4 Qxf4 34. Kg2 a6 35. Qg3 g5 36. Ne2 Qxg3+ 37. Kxg3 b5 38. Ra3 Rb8 39. b3 Rb6 40. Kf2 Nd7 41. Ke3 bxc4 42. bxc4 Ne5 43. Kxe4 Nxc4 44. Ra4 Nb2 45. Ra3 g6 46. Nc3 Kg7 47. Kf3 Nc4 48. Ra4 Ne5+ 49. Ke3 Nd7 50. Re4 Ne5 51. Ra4 Kf8 52. Ne4 Nf7 53. Nf6 Ke7 54. Nh7 Ne5 55. Nxg5 a5 56. Ne4 Rb1 57. Nd2 Rh1 58. Rxa5 Rxh3+ 59. Kf4 c4 60. Ra7+ Kd8 61. Ne4 c3 62. Ng5 c2 63. Ne6+ Ke8 64. Ng7+ Kf8 65. Ne6+ Kg8 66. Ra8+ 1/2-1/2

[Event "Turkish Cup 2024"]
[Site "Denizli"]
[Date "2024.08.06"]
[Round "11"]
[White "Gunal, Yusuf Kursat"]
[Black "Cetindag, Alper"]
[Result "1-0"]
[ECO "D33"]
[WhiteElo "1773"]
[BlackElo "1923"]
[Annotator "NA RC"]
[PlyCount "117"]
[EventDate "2024.08.01"]
[EventType "swiss"]
[EventCountry "TUR"]
[SourceTitle "playchess.com"]
[Source "ChessBase"]
[SourceQuality "1"]
[TimeControl "5400+30"]

1. Nf3 Nf6 2. g3 e6 3. Bg2 c5 4. c4 Nc6 5. Nc3 d5 6. cxd5 exd5 7. d4 cxd4 8. Nxd4 Bc5 9. Nxc6 bxc6 10. O-O O-O 11. Qc2 Bb6 12. Na4 Ba6 13. Rd1 Re8 14. Bf3 h6 15. b3 Qc8 16. Nxb6 axb6 17. a4 Qe6 18. e3 Ne4 19. Bb2 Rad8 20. b4 Qf5 21. Bg2 Nxg3 22. Qxf5 Nxf5 23. Bh3 Nd6 24. Bd4 Nc4 25. Kh1 Bc8 26. Bf1 Bg4 27. Rdc1 Rd6 28. Kg2 Nd2 29. f3 Bxf3+ 30. Kf2 Bh5 31. Bd3 Nb3 32. Bxb6 Rf6+ 33. Kg1 Re5 34. h4 Bg6 35. Bxg6 Rxg6+ 36. Kf2 Rf5+ 37. Ke2 Rg4 38. Rcb1 Rg2+ 39. Kd3 Nxa1 40. Rxa1 Rff2 41. Kd4 Rg4+ 42. Kc5 Rc2+ 43. Kd6 Rxb4 44. a5 Rbb2 45. a6 Ra2 46. Rxa2 Rxa2 47. a7 g5 48. Kxc6 f5 49. Kb5 Rxa7 50. Bxa7 f4 51. exf4 gxh4 52. Bf2 h3 53. Bg3 Kf7 54. Kc5 Ke6 55. Kd4 h5 56. Bh2 h4 57. Kc5 Kf5 58. Kxd5 Kg4 59. Ke4 1-0

[Event "Turkish Cup 2024"]
[Site "Denizli"]
[Date "2024.08.06"]
[Round "11"]
[White "Aytekin, Mustafa Tugrul"]
[Black "Atik, Muhammed Ihsan"]
[Result "1/2-1/2"]
[ECO "B25"]
[WhiteElo "1772"]
[BlackElo "1788"]
[Annotator "NA RC"]
[PlyCount "53"]
[EventDate "2024.08.01"]
[EventType "swiss"]
[EventCountry "TUR"]
[SourceTitle "playchess.com"]
[Source "ChessBase"]
[SourceQuality "1"]
[TimeControl "5400+30"]

1. e4 c5 2. Nc3 Nc6 3. g3 g6 4. Bg2 Bg7 5. d3 d6 6. f4 e6 7. Nf3 Nge7 8. O-O Nd4 9. Be3 Nec6 10. h3 Bd7 11. Rb1 Nxf3+ 12. Qxf3 Nd4 13. Qd1 Bc6 14. Ne2 Nxe2+ 15. Qxe2 Qa5 16. a3 O-O-O 17. Qf2 b6 18. e5 Bxg2 19. Qxg2 Kc7 20. b4 cxb4 21. axb4 Qd5 22. Qxd5 exd5 23. Bd4 Kb7 24. b5 Rhe8 25. Rbe1 Rd7 26. Kg2 Rde7 27. Ra1 1/2-1/2

[Event "Turkish Cup 2024"]
[Site "Denizli"]
[Date "2024.08.06"]
[Round "11"]
[White "Tutmaz, Bugra Hamza"]
[Black "Konusoglu, Kemal Safa"]
[Result "0-1"]
[ECO "D02"]
[WhiteElo "1761"]
[BlackElo "1904"]
[Annotator "NA RC"]
[PlyCount "146"]
[EventDate "2024.08.01"]
[EventType "swiss"]
[EventCountry "TUR"]
[SourceTitle "playchess.com"]
[Source "ChessBase"]
[SourceQuality "1"]
[TimeControl "5400+30"]

1. d4 Nf6 2. Bf4 d5 3. e3 c5 4. c3 Nc6 5. Bd3 e6 6. Nf3 Qb6 7. Qc1 Be7 8. Nbd2 O-O 9. h3 Bd7 10. O-O Rac8 11. a3 Qd8 12. Qd1 a5 13. Ne5 Be8 14. Bh2 Nxe5 15. dxe5 Nd7 16. Qc2 g6 17. Nf3 c4 18. Be2 Nc5 19. Nd4 Ba4 20. Qd2 Bg5 21. Bd1 Bxd1 22. Rfxd1 b5 23. Rab1 Qb6 24. Nc2 Be7 25. Bf4 Rb8 26. Qe2 Rfc8 27. Bg3 Qb7 28. f3 Nd3 29. Ne1 Nc5 30. Nc2 Na4 31. Be1 Qa8 32. Kh1 Nc5 33. Bg3 Rd8 34. Kh2 Rb6 35. Kh1 Qb7 36. f4 Rb8 37. Kh2 Nd3 38. Ne1 Nxe1 39. Bxe1 b4 40. axb4 axb4 41. e4 dxe4 42. Rd4 e3 43. Rxc4 bxc3 44. Bxc3 Qa6 45. Qf1 e2 46. Qxe2 Rc6 47. b3 Rxc4 48. Ra1 Qxa1 49. Bxa1 Rxf4 50. Bc3 Rxb3 51. Qc2 Rb8 52. Bd2 Rd4 53. Qc7 Rbd8 54. Be3 R4d7 55. Qc6 Rd5 56. Qc7 R5d7 57. Qc6 Kg7 58. Bb6 Rd5 59. Bxd8 Bxd8 60. Qc3 Ba5 61. Qc4 Bb6 62. Qf4 Bd4 63. Qf6+ Kg8 64. Qe7 Bxe5+ 65. Kg1 Bd4+ 66. Kf1 Kg7 67. Qb7 Rf5+ 68. Ke2 h5 69. g4 hxg4 70. hxg4 Rf4 71. g5 Rf5 72. Kd3 Be5 73. Qg2 Bf4 0-1

[Event "Turkish Cup 2024"]
[Site "Denizli"]
[Date "2024.08.06"]
[Round "11"]
[White "Aydogdu, Aril"]
[Black "Pekkul, Arda"]
[Result "0-1"]
[ECO "B22"]
[WhiteElo "1733"]
[BlackElo "1939"]
[Annotator "NA RC"]
[PlyCount "60"]
[EventDate "2024.08.01"]
[EventType "swiss"]
[EventCountry "TUR"]
[SourceTitle "playchess.com"]
[Source "ChessBase"]
[SourceQuality "1"]
[TimeControl "5400+30"]

1. e4 c5 2. c3 d5 3. exd5 Qxd5 4. d4 Nf6 5. Nf3 e6 6. Be2 Nc6 7. Be3 cxd4 8. Nxd4 Nxd4 9. Bxd4 Qxg2 10. Bf3 Qg6 11. Nd2 Be7 12. Qb3 O-O 13. O-O-O Qf5 14. Rde1 a5 15. Rhg1 a4 16. Qd1 g6 17. h4 Bd7 18. Rg5 Qf4 19. Be5 Qxh4 20. Bxf6 Bxf6 21. Rg4 Qh6 22. Rh1 Qg7 23. Bxb7 Rab8 24. Qf3 a3 25. Ne4 axb2+ 26. Kb1 Be7 27. Ng3 f5 28. Rc4 Bd6 29. Rd1 Bxg3 30. fxg3 Bb5 0-1

[Event "Turkish Cup 2024"]
[Site "Denizli"]
[Date "2024.08.06"]
[Round "11"]
[White "Cizer, Ahmet Kaan"]
[Black "Kilic, Nurullah"]
[Result "1-0"]
[ECO "C44"]
[WhiteElo "1714"]
[BlackElo "1907"]
[Annotator "NA RC"]
[PlyCount "77"]
[EventDate "2024.08.01"]
[EventType "swiss"]
[EventCountry "TUR"]
[SourceTitle "playchess.com"]
[Source "ChessBase"]
[SourceQuality "1"]
[TimeControl "5400+30"]

1. e4 e5 2. Nf3 Nc6 3. c3 d5 4. Qa4 Bd7 5. exd5 Nd4 6. Qd1 Nxf3+ 7. Qxf3 Nf6 8. Bc4 Bd6 9. h3 O-O 10. d3 h6 11. O-O Qe7 12. Nd2 Ne8 13. Ne4 f5 14. Nc5 Bc8 15. Qe2 f4 16. Qf3 Nf6 17. Re1 Nh7 18. Qh5 f3 19. g3 Rf5 20. Qg6 Nf8 21. Qg4 Qf7 22. Ne6 h5 23. Qe4 Nh7 24. d4 exd4 25. Bd3 g6 26. Qxd4 c5 27. dxc6 Bxe6 28. Bxf5 Qxf5 29. Qxd6 Re8 30. Qf4 Qxh3 31. Qxf3 bxc6 32. Qxc6 Re7 33. Bf4 h4 34. Rad1 g5 35. Qc5 Rf7 36. Rd8+ Kg7 37. Qe5+ Kg6 38. Rg8+ Kh5 39. Rxg5+ 1-0

[Event "Turkish Cup 2024"]
[Site "Denizli"]
[Date "2024.08.06"]
[Round "11"]
[White "Yogurtcuoglu, Cagan"]
[Black "Tokat, Nehir"]
[Result "1/2-1/2"]
[ECO "E91"]
[WhiteElo "1713"]
[BlackElo "1892"]
[Annotator "NA RC"]
[PlyCount "61"]
[EventDate "2024.08.01"]
[EventType "swiss"]
[EventCountry "TUR"]
[SourceTitle "playchess.com"]
[Source "ChessBase"]
[SourceQuality "1"]
[TimeControl "5400+30"]

1. d4 c5 2. d5 d6 3. c4 g6 4. Nc3 Bg7 5. e4 Na6 6. Be2 Nc7 7. Nf3 Nf6 8. O-O O-O 9. h3 a6 10. a4 b6 11. Re1 Bd7 12. Bf1 Rb8 13. e5 dxe5 14. Nxe5 Nfe8 15. Bf4 Nd6 16. Nc6 Bxc6 17. dxc6 Bd4 18. Qf3 Re8 19. Bxd6 Qxd6 20. Rad1 f5 21. g4 fxg4 22. Qxg4 Qxc6 23. Bg2 Qf6 24. Re2 Rbd8 25. Rde1 e6 26. Ne4 Qf5 27. Qg3 e5 28. Ng5 Qf4 29. Qxf4 exf4 30. Bd5+ Kg7 31. Rxe8 1/2-1/2

[Event "Turkish Cup 2024"]
[Site "Denizli"]
[Date "2024.08.06"]
[Round "11"]
[White "Ozturk, Baran"]
[Black "Saricam, Ege"]
[Result "0-1"]
[ECO "E91"]
[WhiteElo "1701"]
[BlackElo "1794"]
[Annotator "NA RC"]
[PlyCount "98"]
[EventDate "2024.08.01"]
[EventType "swiss"]
[EventCountry "TUR"]
[SourceTitle "playchess.com"]
[Source "ChessBase"]
[SourceQuality "1"]
[TimeControl "5400+30"]

1. d4 Nf6 2. c4 g6 3. Nc3 Bg7 4. e4 d6 5. Nf3 Bg4 6. Be2 O-O 7. Bg5 Nfd7 8. h3 Bxf3 9. Bxf3 Nc6 10. Be3 e5 11. d5 Nd4 12. Bxd4 exd4 13. Nb5 c5 14. O-O a6 15. Na3 Re8 16. Re1 Rb8 17. Rb1 b5 18. b4 Ne5 19. Be2 bxc4 20. Nxc4 Rxb4 21. Rxb4 cxb4 22. Nxe5 Bxe5 23. Bxa6 Qa5 24. Bc4 d3 25. Rf1 b3 26. Bxb3 Qc3 27. Qf3 d2 28. Qxc3 Bxc3 29. Bc2 Kg7 30. g3 Bb4 31. Kg2 Rc8 32. Bb3 Kf6 33. f4 Rc3 34. g4 h5 35. g5+ Ke7 36. e5 Re3 37. e6 fxe6 38. dxe6 Re2+ 39. Kf3 Re1 40. Kg2 d5 41. f5 gxf5 42. Rxf5 d1=Q 43. Bxd1 Rxd1 44. g6 Bc5 45. Rxh5 Kxe6 46. Kf3 Kf6 47. Rg5 Rd3+ 48. Ke2 Re3+ 49. Kd2 Kxg5 0-1

[Event "Turkish Cup 2024"]
[Site "Denizli"]
[Date "2024.08.06"]
[Round "11"]
[White "Ucar, Umut Can"]
[Black "Kayan, Veli"]
[Result "0-1"]
[ECO "A48"]
[WhiteElo "1684"]
[BlackElo "1881"]
[Annotator "NA RC"]
[PlyCount "152"]
[EventDate "2024.08.01"]
[EventType "swiss"]
[EventCountry "TUR"]
[SourceTitle "playchess.com"]
[Source "ChessBase"]
[SourceQuality "1"]
[TimeControl "5400+30"]

1. d4 d6 2. Bf4 c5 3. c3 Nf6 4. e3 Nbd7 5. Nf3 a6 6. Be2 g6 7. h3 Bg7 8. O-O O-O 9. a4 b6 10. Nbd2 Bb7 11. Re1 Ra7 12. Bf1 Qa8 13. Qe2 h6 14. e4 Nh5 15. Bh2 e5 16. dxe5 dxe5 17. Nc4 f5 18. Nfxe5 Nxe5 19. Nxe5 Bxe5 20. Qc4+ Kh7 21. Bxe5 fxe4 22. Rad1 Bc6 23. Rd6 Re7 24. Re6 Qe8 25. Rxe7+ Qxe7 26. Bh2 b5 27. axb5 axb5 28. Qe2 c4 29. Rd1 Rd8 30. Rxd8 Qxd8 31. Qe3 Ng7 32. Qc5 Qd5 33. Qe7 Qe6 34. Qxe6 Nxe6 35. Bd6 Kg7 36. Be2 h5 37. Kf1 Kf6 38. g3 Ng5 39. h4 Nf7 40. Bc5 Kf5 41. Ke1 Ne5 42. Bd4 Nf7 43. Bc5 Nh6 44. Kd2 Ke5 45. Bf8 Nf5 46. Bc5 Kd5 47. Bb6 Bd7 48. Be3 Kc6 49. Bf4 Be6 50. Be3 Nd6 51. Bd4 Nb7 52. Be3 Na5 53. Bd1 Kd5 54. Bf4 Nb7 55. Be2 Nc5 56. Be3 Nb3+ 57. Kc2 Bh3 58. Bb6 Bf5 59. Be3 Ke5 60. Bf4+ Ke6 61. Be3 Bh3 62. Bb6 Kf5 63. Kd1 Bg4 64. Bxg4+ Kxg4 65. Ke2 Nc1+ 66. Ke3 Kf5 67. Bc5 Nd3 68. Ba3 Ne5 69. Bc5 Nd3 70. Ba3 Ke5 71. f3 exf3 72. Kxf3 Kf5 73. Ke3 Kg4 74. b3 Ne1 75. Kd2 Nf3+ 76. Kc2 Kxg3 0-1